 Dungeon Crawl Stone Soup version 0.25-a0-667-gb977e01cb5 (webtiles) character file.

Game seed: 413681534983445977, levelgen mode: deterministic

2275 MisterFreud the Nimble (level 9, -9/44 HPs)
             Began as a Felid Fighter on Mar 26, 2020.
             Was a High Priest of Nemelex Xobeh.
             Mangled by a large slime creature (36 damage)
             ... on level 12 of the Dungeon on Mar 27, 2020.
             The game lasted 00:28:18 (13062 turns).

MisterFreud the Nimble (Felid Fighter)             Turns: 13062, Time: 00:28:19

Health: -9/44      AC:  2    Str: 12    XL:     9   Next: 16%
Magic:  15/15      EV: 28    Int: 11    God:    Nemelex Xobeh [*****.]
Gold:   481        SH:  3    Dex: 18    Spells: 12/15 levels left
                                        Lives:  0   Deaths: 2

rFire    . . .     SeeInvis +     - Unarmed
rCold    . . .     Gourm    .   (shield unavailable)
rNeg     . . .     Faith    .   (armour unavailable)
rPois    .         Spirit   .   (helmet unavailable)
rElec    .         Reflect  +   (cloak unavailable)
rCorr    .         Harm     .   (gloves unavailable)
MR       +....                  (boots unavailable)
Stlth    +++++.....             w - +3 amulet of reflection
HPRegen  0.14/turn              f - ring of stealth
MPRegen  0.14/turn              s - ring of flight

@: quick
A: very small, no armour, no weapons or thrown items, stealth, claws 1, fangs 3,
see invisible, carnivore, speed 1, shaggy fur 2, slow metabolism 1, sharp paws
a: Draw Escape, Draw Destruction, Draw Summoning, Triple Draw, Deal Four, Stack
Five, Renounce Religion, Evoke Flight


You were on level 12 of the Dungeon.
You worshipped Nemelex Xobeh.
Nemelex Xobeh was extremely pleased with you.
You were not hungry.

You visited 1 branch of the dungeon, and saw 12 of its levels.

You collected 481 gold pieces.

Inventory:

Jewellery
 f - a ring of stealth (left paw)
 s - a ring of flight (right paw)
 w - a +3 amulet of reflection (around neck)
Wands
 p - a wand of clouds (3)
 B - a wand of iceblast (1)
 C - a wand of polymorph (10)
 G - a wand of random effects (17)
Scrolls
 c - 5 scrolls of remove curse
 e - 5 scrolls of teleportation
 g - 3 scrolls of fear
 h - 3 scrolls of fog
 j - a scroll of immolation {unknown}
 k - a scroll of magic mapping
 n - a scroll of noise {unknown}
 r - a scroll of blinking {unknown}
 x - 2 scrolls of identify
 y - a scroll of random uselessness {unknown}
 A - a scroll of silence {unknown}
 D - a scroll of enchant armour {unknown}
Potions
 a - a potion of might
 d - 2 potions of curing
 i - a potion of haste
 l - a potion of degeneration
 m - 2 potions of flight
 o - 4 potions of lignification
 q - 4 potions of magic
 u - 4 potions of brilliance
 v - 2 potions of stabbing
 z - a potion of resistance
 E - a potion of mutation
 F - a potion of ambrosia
Comestibles
 b - 30 rations


   Skills:
 - Level 8.0 Fighting
 - Level 12.0 Dodging
 - Level 8.0 Stealth
 - Level 8.0 Unarmed Combat
 + Level 3.5 Spellcasting
 + Level 6.8 Hexes
 - Level 5.0 Invocations
 - Level 4.0 Evocations


You had 12 spell levels left.
You knew the following spells:

 Your Spells              Type           Power        Failure   Level  Hunger
a - Confusing Touch       Hex            ###.....     4%          3    ###....

Your spell library contained the following spells:

 Spells                   Type           Power        Failure   Level  Hunger
 Corona                   Hex            ###....      1%          1    #......
 Tukima's Dance           Hex            ###.....     4%          3    ###....
 Ensorcelled Hibernation  Hex/Ice        #.....       10%         2    ###....
 Dazzling Flash           Conj/Hex       #.....       19%         3    ###....
 Inner Flame              Hex/Fire       #.......     19%         3    ###....
 Beastly Appendage        Tmut           #.....       26%         1    #......
 Foxfire                  Conj/Fire      #...         26%         1    #......
 Sticks to Snakes         Tmut           #.......     36%         2    ###....
 Conjure Flame            Conj/Fire      #.......     58%         3    ###....
 Spider Form              Tmut/Pois      #.........   58%         3    ###....
 Ice Form                 Ice/Tmut       #.......     94%         4    #####..
 Sticky Flame             Conj/Fire      #.......     94%         4    #####..
 Blade Hands              Tmut           #.........   100%        5    ######.
 Fireball                 Conj/Fire      #.........   100%        5    ######.


Dungeon Overview and Level Annotations

Branches:
Dungeon (11/15)            Temple (0/1) D:4            Lair (0/6) D:8
    Orc (0/2) D:10

Altars:
Cheibriados
Fedhas
Gozag
Hepliaklqana
Kikubaaqudgha
Nemelex Xobeh
Ru
Sif Muna
Trog
Wu Jian
Xom
Yredelemnul
Zin
The Shining One

Shops:
D:8 [

Annotations:
D:6 3 runed translucent doors, Ontamu's ghost, amateur OpCj


Innate Abilities, Weirdness & Mutations

You cannot wear armour.
You are incapable of wielding weapons or throwing items.
Your paws allow you to move quietly. (Stealth)
You have sharp claws.
You have razor-sharp teeth.
You have supernaturally acute eyesight. (SInv)
You are carnivorous and can eat meat at any time.
You cover ground quickly.
You are covered in thick fur. (AC +2)
You have a slow metabolism.
Your sharp claws are effective at attacking unaware monsters.


Message History

You draw a card...
You have drawn the Shaft.
A shaft materialises beneath you!
The centaur shoots an arrow.
The arrow barely misses you.
The arrow hits the slime creature!
The slime creature completely misses you.
The centaur shoots an arrow.
The arrow misses you.
The arrow barely misses the slime creature.
The arrow hits the slime creature!
You hear a shout!
You draw a card...
You have drawn the Shaft.
Nothing appears to happen.
Two slime creatures merge to form a large slime creature.
Unknown command.
You draw a card...
You have drawn Velocity.
The large slime creature seems to slow down.
The centaur seems to slow down. x2; The slime creature seems to slow down.
The centaur shoots an arrow.
The arrow misses you.
The arrow hits the large slime creature!!
The large slime creature hits you!!!
Ouch! That really hurt!
You die...
Your body glows slightly and disappears.

≈§≈.. . §≈..# ##. ≈..#
#.. #..# ..# ##..# #.#
#...# #.# #.#####.# #
........############....
.........cc(cc..@J(....J
########.(c#########....
#...# # #...# #...#
#...#


#ccc# #.cc# #...# You could see a large slime creature, a slime creature
(sleeping) and 5 centaurs.

Vanquished Creatures
  An orb spider (D:10)
  A centaur skeleton (D:12)
  3 trolls
  2 hornets
  A dream sheep (D:8)
  A shadow (D:11)
  A spriggan (D:7)
  3 wyverns
  6 yaks (D:10)
  2 hungry ghosts
  3 orc warriors
  2 ice beasts
  A swamp drake (D:8)
  2 sky beasts
  A necrophage (D:8)
  2 phantoms
  2 centaurs (D:5)
  4 ogres
  3 bullfrogs
  A wyvern zombie (D:6)
  A scorpion (D:4)
  6 killer bees
  A howler monkey (D:8)
  2 crimson imps
  A bullfrog zombie (D:5)
  A bullfrog skeleton (D:10)
  3 hounds
  A quasit (D:7)
  6 orc priests
  10 orc wizards
  Terence (D:3)
  3 iguanas
  9 worker ants
  2 worker ant zombies
  Robin (D:3)
  5 gnolls
  11 adders
  3 shadow imps
  2 oozes
  2 adder skeletons
  An adder zombie (D:6)
  6 worms
  A dart slug (D:1)
  5 leopard geckos
  38 orcs
  2 ball pythons (D:1)
  2 giant cockroaches
  14 goblins
  13 hobgoblins
  12 jackals
  5 kobolds
  7 quokkas
  13 bats
  6 frilled lizards
  2 quokka skeletons
  8 rats
248 creatures vanquished.

Vanquished Creatures (collateral kills)
  2 ugly things
  3 centaurs
  2 killer bees
  An orc (D:10)
8 creatures vanquished.

Vanquished Creatures (others)
  A gargoyle (D:10)
  An orc priest (D:12)
  A gnoll shaman (D:4)
  2 gnolls (D:4)
5 creatures vanquished.

Grand Total: 261 creatures vanquished

Notes
Turn   | Place    | Note
-------+----------+-------------------------------------------
     0 | D:1      | MisterFreud the Felid Fighter began the quest for the Orb.
     0 | D:1      | Reached XP level 1. HP: 10/10 MP: 2/2
   277 | D:1      | Reached XP level 2. HP: 8/14 MP: 3/3
   885 | D:1      | Reached XP level 3. HP: 17/17 MP: 4/4
  1767 | D:2      | Found an opulent altar of Gozag.
  1809 | D:2      | Found a glowing silver altar of Zin.
  1853 | D:2      | Found a shimmering blue altar of Sif Muna.
  1865 | D:2      | Reached XP level 4. HP: 7/22 MP: 5/5
  2756 | D:2      | Found a faded altar of an unknown god.
  2967 | D:3      | Noticed Terence
  2987 | D:3      | Killed Terence
  2987 | D:3      | Reached skill level 5 in Fighting
  2987 | D:3      | Reached XP level 5. HP: 6/26 MP: 6/6
  3267 | D:3      | Found a sparkling altar of Nemelex Xobeh.
  3566 | D:3      | Noticed Robin
  3710 | D:3      | Killed Robin
  3712 | D:3      | Reached skill level 1 in Stealth
  4061 | D:3      | Became a worshipper of Nemelex Xobeh the Trickster
  4161 | D:3      | Received a gift from Nemelex Xobeh
  4326 | D:3      | Found a sacrificial altar of Ru.
  4395 | D:4      | Noticed an ogre
  4403 | D:4      | Killed an ogre
  4403 | D:4      | Reached skill level 5 in Dodging
  4403 | D:4      | Reached skill level 5 in Unarmed Combat
  4403 | D:4      | Gained mutation: You are covered in thick fur. (AC +2)
                  | [Felid growth]
  4403 | D:4      | Reached XP level 6. HP: 30/30 MP: 7/7
  4415 | D:4      | Found a bloodstained altar of Trog.
  4430 | D:4      | Found a staircase to the Ecumenical Temple.
  4618 | D:4      | Reached * piety under Nemelex Xobeh
  5060 | D:4      | Reached skill level 6 in Dodging
  5067 | D:4      | Reached XP level 7. HP: 31/33 MP: 8/8
  5085 | D:4      | Upgraded the game from 0.25-a0-665-ga69d64035b to
                  | 0.25-a0-667-gb977e01cb5
  5481 | D:5      | Entered Level 5 of the Dungeon
  5514 | D:5      | Found a snail-covered altar of Cheibriados.
  5686 | D:5      | Reached ** piety under Nemelex Xobeh
  5692 | D:5      | Reached skill level 5 in Stealth
  5726 | D:5      | Received a gift from Nemelex Xobeh
  5756 | D:5      | Reached skill level 1 in Evocations
  5826 | D:5      | Reached skill level 7 in Dodging
  6074 | D:5      | Found an ornate altar of the Wu Jian Council.
  6179 | D:5      | Found a basalt altar of Yredelemnul.
  6432 | D:5      | Received a gift from Nemelex Xobeh
  6534 | D:6      | Reached skill level 8 in Dodging
  6536 | D:6      | Reached XP level 8. HP: 15/37 MP: 10/12
  6734 | D:6      | Found a runed translucent gate.
  6734 | D:6      | Noticed a deep elf mage
  6735 | D:6      | Found a runed translucent gate.
  6735 | D:6      | Found an opulent altar of Gozag.
  6736 | D:6      | Found a runed translucent gate.
  6737 | D:6      | Noticed Ontamu's ghost (amateur OpCj)
  6806 | D:6      | Found a glowing golden altar of the Shining One.
  7032 | D:6      | Reached *** piety under Nemelex Xobeh
  7362 | D:6      | Reached skill level 1 in Invocations
  7669 | D:6      | Received a gift from Nemelex Xobeh
  7670 | D:6      | Found an ancient bone altar of Kikubaaqudgha.
  8430 | D:7      | Received a gift from Nemelex Xobeh
  8501 | D:7      | Reached **** piety under Nemelex Xobeh
  8508 | D:7      | Found a blossoming altar of Fedhas.
  8594 | D:7      | Reached skill level 9 in Dodging
  8664 | D:8      | Reached XP level 9. HP: 41/41 MP: 13/13
  8727 | D:8      | Found a staircase to the Lair.
  8763 | D:8      | Found Liod's Antique Armour Shoppe.
  8938 | D:8      | Received a gift from Nemelex Xobeh
  9246 | D:8      | Noticed a manticore
  9250 | D:8      | a manticore changed into a dream sheep
  9950 | D:9      | Noticed a rust devil
  9994 | D:9      | Received a gift from Nemelex Xobeh
 10130 | D:9      | Reached skill level 10 in Dodging
 10378 | D:9      | Found a hazy altar of Hepliaklqana.
 10520 | D:9      | Noticed a troll
 10528 | D:9      | Killed a troll
 10562 | D:9      | Learned a level 3 spell: Confusing Touch
 10646 | D:9      | Reached ***** piety under Nemelex Xobeh
 10648 | D:9      | Found a shimmering altar of Xom.
 10650 | D:9      | Received a gift from Nemelex Xobeh
 10793 | D:10     | Entered Level 10 of the Dungeon
 10971 | D:10     | Reached skill level 1 in Hexes
 10971 | D:10     | Reached XP level 10. HP: 33/47 MP: 14/14
 11313 | D:10     | Reached skill level 5 in Invocations
 11358 | D:10     | Noticed an orb spider
 11358 | D:10     | a troll changed into an orb spider
 11365 | D:10     | Killed an orb spider
 11560 | D:10     | Noticed a brown ugly thing
 11568 | D:10     | Killed a brown ugly thing
 11906 | D:10     | Found a staircase to the Orcish Mines.
 11958 | D:10     | Reached skill level 11 in Dodging
 12042 | D:10     | Reached skill level 1 in Spellcasting
 12042 | D:10     | Reached skill level 5 in Hexes
 12104 | D:10     | Noticed a gargoyle
 12117 | D:10     | Killed a gargoyle
 12242 | D:11     | Noticed a cyan ugly thing
 12494 | D:11     | Killed a cyan ugly thing
 12777 | D:11     | You fall into a shaft and drop 1 floor!
 12780 | D:12     | Shot with an arrow by a centaur
 12781 | D:12     | Reached XP level 9. HP: -2/44 MP: 14/14
 12796 | D:12     | Reached skill level 12 in Dodging
 12796 | D:12     | Reached XP level 10. HP: 40/48 MP: 15/15
 12927 | D:12     | Noticed an unseen horror
 13026 | D:12     | HP: 2/48 [water elemental (15)]
 13034 | D:12     | Killed from afar by an electric eel
 13035 | D:12     | Reached XP level 9. HP: -8/44 MP: 15/15
 13062 | D:12     | Mangled by a large slime creature

Levels and vault maps discovered:
D:1:      roderic_dead_forest, layout_loops_corners, minmay_cupped
D:2:      layout_basic, marbit_many_paths, lemuel_round_altar,
          lemuel_round_altar, chequers_ecumenical_altar_simple
D:3:      layout_loops_ring, nemelex_xobeh_ov_fountains_minmay,
          nicolae_ru_path_of_blood, uniq_robin, uniq_terence
D:4:      layout_loops_corners, bloody_trog, minmay_temple_entry_hall,
          first_ration
D:5:      layout_basic, lemuel_round_altar, kennysheep_mini_moat,
          lemuel_crystal_altar, kennysheep_windowed_goal
D:6:      layout_layer_cave, tso_metal_star, ebering_ghost_gozag, basic_altar
D:7:      layout_rooms, fedhas_altar_1, the_bakery
D:8:      layout_basic, dpeg_oklobed_lair, serial_shops, nicolae_shop_stone
D:9:      layout_basic, nicolae_overflow_crystal_walls, old_standard_altar,
          minmay_misc_feat_encased
D:10:     layout_roguey, orc_0_dummy
D:11:     layout_cave_pools, uniq_nergalle, uniq_gastronok
D:12:     cheibrodos_magma_flow, layout_long_grid, kennysheep_crisscross

Skill      XL: |  1  2  3  4  5  6  7  8  9 10 |
---------------+-------------------------------+-----
Fighting       | 4 5 6 7 8 |  8.0
Stealth        | 2 4 5 6 8 |  8.0
Dodging        | 5 6 8 9 12 11 | 12.0
Unarmed Combat | 5 6 7 8 |  8.0
Evocations     | 4 |  4.0
Invocations    | 2 4 5 |  5.0
Hexes          | 1 6 |  6.8
Spellcasting   | 3 |  3.5

Action                   |  1- 3 |  4- 6 |  7- 9 | 10-12 || total
-------------------------+-------+-------+-------+-------++-------
Melee: Unarmed           |   117 |   183 |   297 |   172 ||   769
       Bite              |    12 |    19 |    29 |    25 ||    85
       Punch             |     3 |     5 |     8 |     5 ||    21
 Cast: Confusing Touch   |       |       |       |     4 ||     4
Invok: Draw Destruction  |       |     4 |    20 |    15 ||    39
       Draw Summoning    |       |       |     4 |     4 ||     8
       Draw Escape       |       |       |     3 |     2 ||     5
Evoke: Wand              |       |       |     2 |     7 ||     9
  Use: Scroll            |     1 |       |     8 |     7 ||    16
       Potion            |       |     1 |     2 |     2 ||     5
 Stab: Sleeping          |     4 |    16 |    22 |     4 ||    46
       Distracted        |       |     1 |     3 |     1 ||     5
       Confused          |       |       |     1 |     1 ||     2
       Petrifying        |       |       |     1 |       ||     1
  Eat: Chunk             |     8 |     7 |    11 |    10 ||    36
Armor: Skin              |     5 |     2 |     4 |     3 ||    14
Dodge: Dodged            |    88 |   148 |   230 |   137 ||   603
Block: Other             |       |       |    25 |    19 ||    44
       Reflection        |       |       |     1 |       ||     1

Table legend:
 A = Non-vault XP
 B = Vault XP
 C = Vault XP percentage of total XP
 D = Non-vault monster count
 E = Vault monster count
 F = Vault count percentage of total count
                 A         B        C        D         E       F
            +---------+---------+-------+---------+---------+-------
      Total |   11339 |     427 |   3.6 |     246 |      15 |   5.7
            +---------+---------+-------+---------+---------+-------
        D:1 |      38 |       8 |  17.4 |      21 |       3 |  12.5
        D:2 |     110 |       1 |   0.9 |      28 |       1 |   3.4
        D:3 |      70 |      59 |  45.7 |      31 |       6 |  16.2
        D:4 |     475 |       6 |   1.2 |      17 |       3 |  15.0
        D:5 |     401 |     133 |  24.9 |      14 |       1 |   6.7
        D:6 |     610 |       0 |   0.0 |      22 |       0 |   0.0
        D:7 |     548 |     220 |  28.6 |      13 |       1 |   7.1
        D:8 |    1316 |       0 |   0.0 |      19 |       0 |   0.0
        D:9 |    1310 |       0 |   0.0 |      28 |       0 |   0.0
       D:10 |    4391 |       0 |   0.0 |      38 |       0 |   0.0
       D:11 |    1059 |       0 |   0.0 |       5 |       0 |   0.0
       D:12 |    1011 |       0 |   0.0 |      10 |       0 |   0.0
            +---------+---------+-------+---------+---------+-------
